Selects Australian Defense Battlegroup
Selects Australian Light Infantry Section
Australian Light Infantry Section
Construct Section Command Post
Construct Field Infirmary
Australian Light Infantry Section
Selects CMP 15cwt Supply Run
Construct Platoon Command Post
Selects Reinforced Resource Caches
Unlock M3 Stuart Light Tanks
Australian Light Infantry Section
Selects Charged Creeping Barrage
Selects Defensive Tactics
Australian Light Infantry Section